 Dungeon Crawl Stone Soup version 0.30.0-7-g0c4daa9e05 (webtiles) character file.

Game seed: 7544127179632675693

39 Peloso the Trooper (level 3, -10/33 HPs)
             Began as a Minotaur Fighter on May 13, 2023.
             Mangled by a gnoll
             ... wielding a +0 halberd
              (13 damage)
             ... on level 2 of the Dungeon.
             The game lasted 00:01:50 (660 turns).

Peloso the Trooper (Minotaur Fighter)                Turns: 660, Time: 00:01:51

Health: -10/33     AC: 11    Str: 20    XL:     3   Next: 26%
Magic:  2/2        EV:  5    Int:  5    God:
Gold:   42         SH:  4    Dex: 11    Spells: 2/2 levels left

rFire   . . .        a - +0 long sword
rCold   . . .        d - +0 buckler
rNeg    . . .        l - +0 plate armour
rPois   .            (helmet restricted)
rElec   .            (no cloak)
rCorr   .            (no gloves)
SInv    .            (no boots)
Will    .....        (no amulet) Stlth
                     (no ring)
HPRegen 0.25/turn    (no ring)
MPRegen 0.08/turn

%: no passive effects
@: attractive
A: horns 2, retaliatory headbutt
a: no special abilities


You were on level 2 of the Dungeon.
You visited 1 branch of the dungeon, and saw 2 of its levels.

You collected 42 gold pieces.

Inventory:

Hand Weapons
 a - a +0 long sword (weapon)
Armour
 b - a +0 scale mail
 c - a +0 chain mail
 d - a +0 buckler (worn)
 l - a +0 plate armour (worn)
Scrolls
 h - a scroll of butterflies {unknown}
 i - 3 scrolls of vulnerability {unknown}
 j - a scroll of immolation {unknown}
 k - a scroll of enchant weapon {unknown}
 m - a scroll of identify {unknown}
 n - a scroll of acquirement {unknown}
Potions
 f - 2 potions of might
 g - a potion of curing {unknown}


   Skills:
 + Level 4.1 Fighting
 + Level 3.1 Long Blades
 + Level 3.9 Armour
 + Level 0.4 Dodging
 + Level 4.1 Shields


You had 2 spell levels left.
You didn't know any spells.
Your spell library was empty.

Dungeon Overview and Level Annotations

Branches:
Dungeon (2/15)

Altars:


Innate Abilities, Weirdness & Mutations

You have a pair of horns on your head.
You reflexively headbutt those who attack you in melee.


Message History

The gnoll is severely wounded.
The adder bites you but does no damage. x2
The gnoll barely misses you. The adder closely misses you.
The gnoll attacks as you move away! The gnoll hits you but does no damage.
The adder bites you but does no damage. The gnoll attacks as you move away!
The gnoll hits you but does no damage. The adder attacks as you move away!
The adder barely misses you. The adder attacks as you move away!
The adder barely misses you. You furiously retaliate!
You headbutt the adder. The adder bites you but does no damage.
You barely miss the adder.
The adder is moderately wounded.
The adder bites you. The gnoll completely misses you.
You barely miss the adder.
The adder is moderately wounded.
You block the adder's attack.
The gnoll hits you from afar with a +0 halberd.
The adder bites you but does no damage.
You barely miss the adder. You headbutt the adder.
The adder is heavily wounded.
The adder bites you.
The gnoll hits you from afar with a +0 halberd!
The adder barely misses you.
You barely miss the adder.
The adder is heavily wounded.
The gnoll hits you from afar with a +0 halberd!
* * * LOW HITPOINT WARNING * * *
The adder bites you but does no damage. The gnoll barely misses you.
You miss the adder.
The adder is heavily wounded.
The adder barely misses you. The adder bites you but does no damage.
The gnoll barely misses you.
You hit the adder.
The adder is severely wounded.
The adder bites you but does no damage. You block the gnoll's attack.
The adder barely misses you.
It was a potion of attraction.
You feel attractive to monsters.
The gnoll hits you from afar with a +0 halberd!
You die...

#.#.... ##...####.
#......... #..######.
#.g# #.# ##.## #..#
... ..... #..# #.#
#... #.g###### #.#
#..# #.ggS@..# #.#
#..# #.#####.# #.#
#..# #.# #.#
#.#####..# #.# #.#
#........#
#.#####.####.#####.##
#............# #.###
#######.####.#####....
#.##..........##
#.##.#.######.##


You could see 3 gnolls and an adder.

Vanquished Creatures
  2 dart slugs (D:1)
  3 endoplasms (D:1)
  5 goblins
  2 hobgoblins (D:1)
  5 kobolds (D:1)
  2 quokkas (D:1)
  A ball python (D:1)
  7 bats
  4 frilled lizards (D:1)
  4 rats
35 creatures vanquished.

Notes
Turn   | Place    | Note
-------+----------+-------------------------------------------
     0 | D:1      | Peloso the Minotaur Fighter began the quest for the Orb.
     0 | D:1      | Reached XP level 1. HP: 19/19 MP: 0/0
   129 | D:1      | Reached XP level 2. HP: 22/27 MP: 1/1
   315 | D:1      | Reached XP level 3. HP: 31/33 MP: 2/2
   660 | D:2      | Mangled by a gnoll

Illustrated notes

Levels and vault maps discovered:
D:1:      heliophobic_arrival_ceremonial_halls, layout_rooms
D:2:      mumra_celtic_spiral_tile, layout_loops_ring

Skill      XL: |  1  2 |
---------------+-------+-----
Fighting       | 4 |  4.1
Shields        | 4 |  4.1
Long Blades    | 3 |  3.1
Armour         | |  3.9
Dodging        | |  0.4

Action                     || total
---------------------------++-------
  Melee: Long sword        ||    85
         Headbutt          ||     7
    Use: Potion            ||     1
 Armour: Scale mail        ||    11
         Chain mail        ||    27
         Plate armour      ||    28
  Dodge: Dodged            ||    42
  Block: Buckler           ||    17
